 Dungeon Crawl Stone Soup version 0.29.1-15-g9cfb28693d (webtiles) character file.

Game seed: 12475995947548907172

26 Achh the Trooper (level 2, -1/27 HPs)
             Began as a Minotaur Fighter on Mar 15, 2023.
             Succumbed to an adder's poison
             ... on level 2 of the Dungeon.
             The game lasted 00:01:37 (866 turns).

Achh the Trooper (Minotaur Fighter)                  Turns: 866, Time: 00:01:38

Health: -1/27      AC:  7    Str: 20    XL:     2   Next: 89%
Magic:  1/1        EV:  9    Int:  5    God:
Gold:   45         SH:  4    Dex:  9    Spells: 1/1 levels left

rFire   . . .      SeeInvis .   a - +0 war axe
rCold   . . .      Faith    .   c - +0 buckler
rNeg    . . .      Spirit   .   b - +0 scale mail
rPois   .          Reflect  .   (helmet restricted)
rElec   .          Harm     .   (no cloak)
rCorr   .          Rampage  .   (no gloves)
Will    .....                   (no boots)
Stlth   ..........              (no amulet)
HPRegen 0.09/turn               (no ring)
MPRegen 0.07/turn               (no ring)

@: lethally poisoned (-1 -> -11)
A: horns 2, retaliatory headbutt
a: no special abilities


You were on level 2 of the Dungeon.
You visited 1 branch of the dungeon, and saw 2 of its levels.

You collected 45 gold pieces.

Inventory:

Hand Weapons
 a - a +0 war axe (weapon)
Armour
 b - a +0 scale mail (worn)
 c - a +0 buckler (worn)
Jewellery
 h - a ring of fire
Scrolls
 f - a scroll of teleportation {unknown}
 g - 2 scrolls of identify {unknown}
Potions
 d - a potion of might
 e - a potion of degeneration {unknown}


   Skills:
 + Level 4.1 Fighting
 + Level 3.0 Axes
 + Level 4.0 Armour
 + Level 4.0 Shields


You had one spell level left.
You didn't know any spells.
Your spell library was empty.

Dungeon Overview and Level Annotations

Branches:
Dungeon (2/15)

Altars:


Innate Abilities, Weirdness & Mutations

You have a pair of horns on your head.
You reflexively headbutt those who attack you in melee.


Message History

You furiously retaliate!
You headbutt the quokka. The adder closely misses you.
The adder bites you but does no damage.
The quokka bites you but does no damage.
The kobold misses you. The adder bites you.
You are more poisoned.
The adder poisons you!
You hit the kobold.
The kobold is moderately wounded.
You hit the quokka.
You kill the quokka!
You miss the adder. You closely miss the adder.
You feel very sick. You block the adder's attack. x2
The kobold hits you with a +0 short sword.
You block the adder's attack. The adder bites you but does no damage.
Your Axes skill increases to level 3!
You barely miss the kobold.
The kobold is moderately wounded.
You barely miss the adder. You miss the adder.
You feel sick. The adder bites you.
You are lethally poisoned!
The adder poisons you!
The kobold hits you with a +0 short sword.
The adder bites you.
* * * LOW HITPOINT WARNING * * *
The adder bites you.
* * * LOW HITPOINT WARNING * * *
You are more poisoned.
The adder poisons you! The kobold closely misses you.
You barely miss the kobold.
The kobold is moderately wounded.
You hit the adder. You hit the adder but do no damage.
* * * LOW HITPOINT WARNING * * *
You feel very sick.
The adder bites you but does no damage. x3; You block the kobold's attack.
The adder closely misses you.
You slash the kobold!
You kill the kobold!
You miss the adder. You hit the adder.
You die...

# .# .<# ###
###############..### ..#
#........##.........
..###.#..........S...?..
>............##.@)J.....
..##.....†.......S......
..##.#.......##.........
.<....#.....#...........
......##...#...##.##....
......######.### #.##.#.
......... ..# .. ##
......### .#.# .#
......# ..


You could see 2 adders and an endoplasm.

Vanquished Creatures
  An adder (D:2)
  2 ball pythons (D:1)
  An endoplasm (D:2)
  3 giant cockroaches (D:1)
  A hobgoblin (D:1)
  2 quokkas
  2 bats (D:1)
  3 frilled lizards
  2 kobolds
  A rat (D:1)
18 creatures vanquished.

Notes
Turn   | Place    | Note
-------+----------+-------------------------------------------
     0 | D:1      | Achh the Minotaur Fighter began the quest for the Orb.
     0 | D:1      | Reached XP level 1. HP: 19/19 MP: 0/0
   277 | D:1      | Found a faded altar of an unknown god.
   291 | D:1      | Reached XP level 2. HP: 27/27 MP: 1/1
   866 | D:2      | Succumbed to an adder's poison

Illustrated notes

Levels and vault maps discovered:
D:1:      ebering_trefoil_twist, layout_basic,
          chequers_ecumenical_altar_simple_redux
D:2:      layout_rooms, minmay_misc_feat_x, serial_park_tiny_2,
          minmay_misc_feat_rugged, minmay_ruptured, uniq_jessica

Skill      XL: |  1  2 |
---------------+-------+-----
Fighting       | 4 |  4.1
Shields        | 4 |  4.0
Armour         | 4 |  4.0
Axes           | 3 |  3.0

Action                   || total
-------------------------++-------
Melee: War axe           ||    30
       Headbutt          ||     3
Armor: Scale mail        ||    21
Dodge: Dodged            ||    21
Block: Buckler           ||    12
